 Dungeon Crawl Stone Soup version 0.24.0-125-gc4c63601f3 (webtiles) character file.

Game seed: 10766613674361890779, levelgen mode: deterministic

35 Peloso the Skirmisher (level 3, 34/34 HPs)
             Began as a Minotaur Fighter on Mar 7, 2020.
             Got out of the dungeon alive.
             The game lasted 00:01:26 (613 turns).

Peloso the Skirmisher (Minotaur Fighter)             Turns: 613, Time: 00:01:26

Health: 34/34      AC:  7    Str: 20    XL:     3   Next: 16%
Magic:  2/2        EV:  7    Int:  5    God:
Gold:   32         SH:  9    Dex: 10    Spells: 2/2 levels left

rFire    . . .     SeeInvis .   a - +0 long sword
rCold    . . .     Gourm    .   c - +0 shield
rNeg     . . .     Faith    .   b - +0 scale mail
rPois    .         Spirit   .   (helmet restricted)
rElec    .         Reflect  .   (no cloak)
rCorr    .         Harm     .   (no gloves)
MR       .....                  (no boots)
Stlth    ..........             (no amulet)
HPRegen  0.11/turn              (no ring)
MPRegen  0.08/turn              (no ring)

@: no status effects
A: retaliatory headbutt, horns 2, deterioration 1, wild magic 1
a: no special abilities


You escaped.
You were not hungry.

You visited 1 branch of the dungeon, and saw 1 of its levels.

You collected 32 gold pieces.

Inventory:

Hand Weapons
 a - a +0 long sword (weapon)
Armour
 b - a +0 scale mail (worn)
 c - a +0 shield (worn)
Jewellery
 m - an uncursed ring of protection from cold {unknown}
 o - an uncursed ring of resist corrosion {unknown}
Scrolls
 e - a scroll of teleportation {unknown}
 g - 2 scrolls of enchant armour {unknown}
 h - 2 scrolls of random uselessness {unknown}
 j - 2 scrolls of remove curse {unknown}
 k - a scroll of identify {unknown}
Potions
 d - a potion of might
 l - a potion of curing {unknown}
 n - a potion of cancellation {unknown}
Comestibles
 f - a ration


   Skills:
 + Level 4.3 Fighting
 + Level 2.9 Long Blades
 + Level 4.0 Armour
 + Level 0.1 Dodging
 + Level 3.9 Shields


You had 2 spell levels left.
You didn't know any spells.
Your spell library was empty.

Dungeon Overview and Level Annotations

Branches:
Dungeon (1/15)

Altars:


Innate Abilities, Weirdness & Mutations

You reflexively headbutt those who attack you in melee.
You have a pair of horns on your head.
Your body sometimes deteriorates upon taking damage.
Your spells are a little harder to cast, but a little more powerful.


Message History

You hit the ball python but do no damage.
The ball python barely misses you. The ball python constricts you.
The ball python bites you but does no damage.
The ball python constricts you.
You completely miss the ball python. You headbutt the ball python.
You kill the ball python!
g - 2 scrolls labeled LACELA FAECETS (gained 1)
You see here a ball python corpse.
You see here a +0 club.
Done exploring.
Done exploring.
Done exploring.
Done exploring.
It was a potion of mutation.
You feel extremely strange.
You feel yourself wasting away.
You feel less in control of your magic.
There is a staircase leading out of the dungeon here.
Are you sure you want to leave the Dungeon?
This will make you lose the game!
Alright, then stay!
Are you sure you want to leave the Dungeon?
This will make you lose the game!
You have escaped!

.# #.#.#.# #........#.# .#
#.#.#.# #.##.†.####. )#
#.#.#.############.##.).#....
.#
#.#.#.##........##....†......
.#
#.#.#.##.######.#####)†.#....
.# #..#.....# #.# ##.######
(# ###.##################.#
(#


#).PPPPPPPPPPPPPPP.#^# .# ###.........@..........# .# #....PPPPPPPPPPPPPPP.###
.# #.#################### .# #.#####.# #.#.# .####....>..# #.#.# ...##.#######
#.#.#### ##.##.# #########.#....# #.##.# #..........###[# #.##.###.#######..#
#.# There were no monsters in sight!

Vanquished Creatures
  An ooze (D:1)
  3 giant cockroaches (D:1)
  6 goblins (D:1)
  5 hobgoblins (D:1)
  2 kobolds (D:1)
  A ball python (D:1)
  4 bats (D:1)
  A frilled lizard (D:1)
  4 rats (D:1)
27 creatures vanquished.

Notes
Turn   | Place    | Note
-------+----------+-------------------------------------------
     0 | D:1      | Peloso the Minotaur Fighter began the quest for the Orb.
     0 | D:1      | Reached XP level 1. HP: 19/19 MP: 0/0
    26 | D:1      | Reached XP level 2. HP: 19/27 MP: 1/1
   249 | D:1      | Reached XP level 3. HP: 33/33 MP: 2/2
   586 | D:1      | Gained mutation: Your body sometimes deteriorates upon
                  | taking damage. [potion of mutation]
   586 | D:1      | Gained mutation: Your spells are a little harder to cast,
                  | but a little more powerful. [potion of mutation]
   613 | D:$      | Got out of the dungeon alive.

Levels and vault maps discovered:
D:1:      eino_arrival_tree_alley, layout_loops_ring

Skill      XL: |  1  2 |
---------------+-------+-----
Fighting       | 4 |  4.3
Armour         | 4 |  4.0
Long Blades    | |  2.9
Dodging        | |  0.1
Shields        | |  3.9

Action                   || total
-------------------------++-------
Melee: Long sword        ||    49
       Headbutt          ||     8
  Use: Potion            ||     1
Armor: Scale mail        ||    32
Dodge: Dodged            ||    19
Block: Shield            ||    36
       Rpst.: Long sword ||     2
